 Dungeon Crawl Stone Soup version 0.26-a0-812-g31a745ddcd (webtiles) character file.

Game seed: 7118772284973076158

12364 HoaS the Basher (level 11, -1/60 HPs)
             Began as a Gargoyle Fighter on Dec 6, 2020.
             Was an Elder of Makhleb.
             Slain by a hellwing (5 damage)
             ... on level 1 of the Abyss.
             The game lasted 00:26:29 (9323 turns).

HoaS the Basher (Gargoyle Fighter)                  Turns: 9323, Time: 00:26:30

Health: -1/60      AC: 25    Str: 29    XL:     11   Next: 92%
Magic:  11/11      EV: 10    Int:  9    God:    Makhleb [****..]
Gold:   759        SH: 13    Dex:  9    Spells: 10/10 levels left

rFire    + . .     SeeInvis .   t - +3 flail (protect)
rCold    . . .     Faith    .   c - +0 kite shield
rNeg     + . .     Spirit   .   v - +0 acid dragon scales
rPois    ∞         Reflect  .   (no helmet)
rElec    +         Harm     .   (no cloak)
rCorr    +         Rampage  .   n - +2 pair of gloves
MR       .....                  (no boots)
Stlth    +.........             (no amulet)
HPRegen  0.20/turn              d - ring of protection from fire
MPRegen  0.12/turn              g - +6 ring of strength

@: protection aura
A: negative energy resistance 1, electricity resistance, unbreathing,
petrification resistance, rot immunity, AC +8
a: Minor Destruction, Lesser Servant of Makhleb, Major Destruction, Renounce
Religion


You were on level 1 of the Abyss.
You worshipped Makhleb.
Makhleb was greatly pleased with you.
You visited 2 branches of the dungeon, and saw 12 of its levels.
You visited the Abyss 1 time.
You also visited: Sewer.

You collected 759 gold pieces.

Inventory:

Hand Weapons
 t - a +3 flail of protection (weapon)
Armour
 c - a +0 kite shield (worn)
 n - a +2 pair of gloves (worn)
 v - +0 acid dragon scales (worn)
 x - a +0 plate armour
Jewellery
 d - a ring of protection from fire (left hand)
 g - a +6 ring of strength (right hand)
Wands
 a - a wand of enslavement (12)
 j - a wand of flame (13)
 o - a wand of acid (3)
 w - a wand of random effects (15)
 y - a wand of paralysis (7)
Scrolls
 e - a scroll of magic mapping
 p - 2 scrolls of teleportation
 q - 2 scrolls of blinking
 r - 4 scrolls of remove curse
 s - a scroll of identify
 E - a scroll of summoning {unknown}
Potions
 b - 3 potions of curing
 f - 2 potions of lignification {unknown}
 h - 3 potions of flight
 i - 2 potions of mutation {unknown}
 k - 3 potions of magic {unknown}
 l - 3 potions of heal wounds
 m - a potion of cancellation {unknown}
 u - a potion of resistance {unknown}
 z - a potion of degeneration {unknown}
 B - a potion of haste {unknown}
 C - 2 potions of berserk rage {unknown}
 D - a potion of experience {unknown}


   Skills:
 - Level 3.2 Fighting
 * Level 14.7 Maces & Flails
 - Level 3.2 Armour
 + Level 12.0 Shields


You had 10 spell levels left.
You didn't know any spells.
Your spell library was empty.

Dungeon Overview and Level Annotations

Branches:
Dungeon (11/15)            Temple (1/1) D:4           Sewer (visited)
   Lair: D:8-11         Orc: D:9-12

Altars:
Ashenzari
Cheibriados
Dithmenos
Elyvilon
Fedhas
Gozag
Hepliaklqana
Kikubaaqudgha
Makhleb
Nemelex Xobeh
Okawaru
Qazlal
Ru
Sif Muna
Trog
Uskayaw
Vehumet
Wu Jian
Xom
Yredelemnul
Zin
The Shining One

Shops:
D:6 [

Annotations:
D:10 Sonja


Innate Abilities, Weirdness & Mutations

You are resistant to torment.
Your stone body is resilient. (AC +8)
You are immune to poison.
You resist negative energy. (rN+)
You are resistant to electric shocks. (rElec)
You can survive without breathing.
You are immune to petrification.
You are immune to rotting.


Message History

You barely miss the hellwing.
The hellwing is heavily wounded.
You block the hellwing's attack. The hellwing barely misses you.
You block the hellwing's attack. The hellwing closely misses you.
You barely miss the hellwing.
The hellwing is heavily wounded.
The hellwing hits you but does no damage. x2
The raiju bites you but does no damage.
You hit the hellwing.
The hellwing is heavily wounded.
The hellwing hits you but does no damage.
You block the hellwing's attack.
The hellwing hits you but does no damage.
The hellwing closely misses you.
You hit the hellwing.
The hellwing is heavily wounded.
The raiju bites you but does no damage. The hellwing hits you.
* * * LOW HITPOINT WARNING * * *
The hellwing hits you.
You die...

. ## ... .#.## ..#
##.###. .##.#..
#........#.#.#..#
#...##..#.......#
......#3.##...##.#
...........3.........
.#..#..####4#....#
....# #4h# ...... ..
. . #@# ..#.## ##.h#
# ##4......# #....
#.##........ . .
.........## ##. .###.
#.#......# . #
#..##.##... #.##.# .#
.# . ..# .# .##..


You could see 3 hellwings, a smoke demon and a raiju.

Vanquished Creatures
  2 two-headed ogres
  2 ugly things (D:10)
  A gargoyle (D:10)
  Maggie (D:7)
  A hellwing (Abyss:1)
  3 trolls
  14 yaks
  A wyvern (D:5)
  A wraith (D:11)
  A basilisk (D:10)
  Menkaure (D:7)
  Edmund (D:6)
  A hornet zombie (D:9)
  3 orc warriors
  5 ogres
  A wolf (D:10)
  3 black bears
  8 centaurs
  7 big kobolds
  5 bullfrogs
  2 water moccasin skeletons
  4 scorpions
  11 killer bees
  4 wights
  5 howler monkeys
  3 quasits
  A bullfrog zombie (D:6)
  4 centaur zombies
  13 hounds
  A jelly (D:8)
  8 orc priests
  2 centaur skeletons
  A gnoll shaman (D:2)
  5 orc wizards
  A bullfrog skeleton (D:7)
  Jessica (D:2)
  3 iguanas
  Natasha (twice) (D:3)
  8 worker ants
  13 adders
  10 gnolls
  6 river rats
  4 ufetubi
  2 oozes
  An adder zombie (D:8)
  An adder skeleton (D:6)
  3 worms
  3 dart slugs
  10 leopard geckos
  22 orcs
  8 ball pythons
  8 bats
  3 giant cockroaches
  4 hobgoblins
  16 jackals
  4 quokkas
  6 frilled lizards
  A giant cockroach zombie (D:5)
  13 goblins
  A jackal zombie (D:5)
  32 kobolds
  A leopard gecko skeleton (D:4)
  A quokka skeleton (D:7)
  2 quokka zombies
  24 rats
340 creatures vanquished.

Notes
Turn   | Place    | Note
-------+----------+-------------------------------------------
     0 | D:1      | HoaS the Gargoyle Fighter began the quest for the Orb.
     0 | D:1      | Reached XP level 1. HP: 14/14 MP: 1/1
   143 | D:1      | Found a shimmering altar of Xom.
   230 | D:1      | Reached XP level 2. HP: 19/19 MP: 2/2
   523 | D:2      | Reached skill level 3 in Maces & Flails
   530 | D:2      | Reached XP level 3. HP: 23/23 MP: 3/3
   722 | D:2      | Reached XP level 4. HP: 16/28 MP: 4/4
   725 | D:2      | Reached skill level 4 in Maces & Flails
   731 | D:2      | Reached XP level 5. HP: 5/32 MP: 5/5
  1516 | D:2      | Noticed Jessica
  1524 | D:2      | Killed Jessica
  1817 | D:3      | Found a sacrificial altar of Ru.
  1925 | D:3      | Reached skill level 5 in Maces & Flails
  1925 | D:3      | Reached XP level 6. HP: 10/37 MP: 6/6
  1943 | D:3      | Reached skill level 5 in Shields
  2231 | D:3      | Noticed Natasha
  2234 | D:3      | Killed Natasha
  2446 | D:3      | Noticed Natasha
  2457 | D:3      | Killed Natasha
  2474 | D:3      | Found an opulent altar of Gozag.
  2494 | D:3      | Found a glowing golden altar of the Shining One.
  2635 | D:3      | Found a shimmering altar of Xom.
  2783 | D:4      | Found a glowing drain.
  2787 | Sewer    | Entered a sewer
  2903 | Sewer    | Reached skill level 6 in Maces & Flails
  2903 | Sewer    | Reached XP level 7. HP: 37/41 MP: 7/7
  3370 | Sewer    | Reached skill level 7 in Maces & Flails
  3608 | D:4      | Found a staircase to the Ecumenical Temple.
  3620 | Temple   | Entered the Ecumenical Temple
  3849 | D:4      | Reached XP level 8. HP: 46/46 MP: 8/8
  4234 | D:5      | Entered Level 5 of the Dungeon
  4393 | D:5      | Noticed a wyvern
  4401 | D:5      | Killed a wyvern
  4401 | D:5      | Reached skill level 8 in Maces & Flails
  5091 | D:6      | Noticed Edmund
  5109 | D:6      | Killed Edmund
  5118 | D:6      | Reached skill level 9 in Maces & Flails
  5202 | D:6      | Reached XP level 9. HP: 50/51 MP: 9/9
  5233 | D:6      | Found a bloodstained altar of Trog.
  5233 | D:6      | Found a burning altar of Makhleb.
  5234 | D:6      | Found a blossoming altar of Fedhas.
  5250 | D:6      | Became a worshipper of Makhleb the Destroyer
  5330 | D:6      | Found Ytas's Antique Armour Emporium.
  5637 | D:6      | Reached skill level 10 in Maces & Flails
  5926 | D:7      | Found a shimmering blue altar of Sif Muna.
  5991 | D:7      | Reached * piety under Makhleb
  6196 | D:7      | Noticed Maggie
  6437 | D:7      | Killed Maggie
  6655 | D:7      | Noticed Menkaure
  6674 | D:7      | Killed Menkaure
  6754 | D:7      | Reached skill level 11 in Maces & Flails
  6855 | D:7      | Reached XP level 10. HP: 43/56 MP: 10/10
  6954 | D:8      | Noticed a two-headed ogre
  6961 | D:8      | Killed a two-headed ogre
  7201 | D:8      | Reached ** piety under Makhleb
  7572 | D:8      | Reached skill level 12 in Maces & Flails
  7684 | D:9      | Reached skill level 10 in Shields
  7700 | D:9      | Noticed a two-headed ogre
  7717 | D:9      | Killed a two-headed ogre
  8262 | D:9      | You fall into a shaft and drop 2 floors!
  8316 | D:11     | Reached skill level 13 in Maces & Flails
  8316 | D:11     | Reached XP level 11. HP: 60/60 MP: 11/11
  8403 | D:10     | Entered Level 10 of the Dungeon
  8416 | D:10     | Reached *** piety under Makhleb
  8556 | D:11     | Noticed a cyan ugly thing
  8612 | D:10     | Killed a cyan ugly thing
  8612 | D:10     | Reached skill level 14 in Maces & Flails
  9022 | D:10     | Noticed a green ugly thing
  9049 | D:10     | Killed a green ugly thing
  9085 | D:10     | Reached **** piety under Makhleb
  9236 | D:10     | Noticed Sonja
  9272 | D:10     | Cast into level 1 of the Abyss (Sonja)
  9323 | Abyss:1  | Slain by a hellwing

Illustrated notes

Levels and vault maps discovered:
D:1:      wander_arrival_peaceful_grave, layout_loops_cross, xom_teletrap_fun
D:2:      layout_loops_ring, kennysheep_minor_cross, uniq_jessica
D:3:      layout_basic, nicolae_overflow_quartered_altars,
          minmay_misc_feat_encased, uniq_natasha
D:4:      layout_loops_cross, minmay_temple_entry_proselytizer,
          gup_sewer_entry_bowl, chequers_serial_rivers_marsh
D:5:      layout_gridville
D:6:      layout_basic, gammafunk_temple_overflow_claw, serial_shops,
          nicolae_shop_stone, uniq_edmund
D:7:      nicolae_whirlpool, layout_rooms, led_sif_pool, uniq_menkaure,
          uniq_maggie
D:8:      layout_loops_cross
D:9:      layout_gridville
D:10:     layout_loops_ring, orc_0_dummy, minmay_stone_trees_small,
          minivault_16, item_on_display_a, uniq_sonja
D:11:     layout_cave_pools, erik_lair_island, tso_altar
Temple:   nicolae_temple_great_sept
Abyss:1:  base:
Temple

Skill      XL: |  1  2  3  4  5  6  7  8  9 10 11 |
---------------+----------------------------------+-----
Maces & Flails | 3 4 5 6 7 9 11 13 14 | 14.7
Shields        | 4 5 6 7 9 10 12 | 12.0
Fighting       | |  3.2
Armour         | |  3.2

Action                   |  1- 3 |  4- 6 |  7- 9 | 10-12 || total
-------------------------+-------+-------+-------+-------++-------
Melee: Flail             |   116 |   214 |   529 |   663 ||  1522
Evoke: Wand              |       |       |       |    11 ||    11
  Use: Potion            |       |     1 |       |     2 ||     3
       Scroll            |       |     8 |     7 |     6 ||    21
Armor: Scale mail        |    65 |   108 |    92 |       ||   265
       Chain mail        |       |       |   238 |     2 ||   240
       Acid dragon scale |       |       |    36 |   332 ||   368
Dodge: Dodged            |    37 |    70 |   186 |   262 ||   555
Block: Kite shield       |    74 |   125 |   457 |   519 ||  1175

Table legend: (Time is in decaauts)
 A = Elapsed time spent in this place.
 B = Non-inter-level travel time spent in this place.
 C = Inter-level travel time spent in this place.
 D = Time resting spent in this place.
 E = Time spent auto-exploring this place.
 F = Levels seen in this place.
 G = Mean time per level.
                   A        B        C        D        E       F      G
               +--------+--------+--------+--------+--------+-----+--------+
         Total |   9332 |   8923 |    409 |   1622 |   4530 |  14 |  666.6 |
       Dungeon |   8324 |   7915 |    409 |   1384 |   4158 |  11 |  756.7 |
        Temple |    177 |    177 |      0 |     87 |     72 |   1 |  177.0 |
         Abyss |     44 |     44 |      0 |      0 |     14 |   1 |   44.0 |
         Sewer |    786 |    786 |      0 |    151 |    286 |   1 |  786.0 |
               +--------+--------+--------+--------+--------+-----+--------+

Top non-repeatable levels by time:
     D:2: 1163 daAuts
     D:3: 1081 daAuts
     D:6: 984 daAuts
     D:9: 918 daAuts
     D:7: 866 daAuts
     D:5: 852 daAuts
   Sewer: 786 daAuts
     D:8: 673 daAuts
     D:4: 641 daAuts
     D:1: 525 daAuts
    D:10: 454 daAuts
  Temple: 177 daAuts
    D:11: 161 daAuts
 Abyss:1: 44 daAuts
